 Dungeon Crawl Stone Soup version 0.31-a0-536-ga3e2962e35 (webtiles) character file.

Game seed: 18443614863208298939

11105 Ethylacetat the Covert (level 11, -4/81 HPs)
             Began as an Octopode Gladiator on Aug 13, 2023.
             Was an Initiate of Gozag.
             Slain by a centaur warrior
             ... wielding a +5 falchion of flaming
              (12 damage)
             ... on level 10 of the Dungeon.
             The game lasted 00:25:37 (9294 turns).

Ethylacetat the Covert (Octopode Gladiator)         Turns: 9294, Time: 00:25:37

Health: -4/81      AC:  8    Str: 14    XL:     11   Next: 72%
Magic:  0/24       EV: 23    Int: 11    God:    Gozag
Gold:   484        SH:  5    Dex: 17    Spells: 15/15 levels left

rFire   + + .        v - +2 rapier (protect)
rCold   . . .        y - +0 buckler {rF+}
rNeg    . . .        b - +0 hat
rPois   .            N - amulet of guardian spirit
rElec   .            k - ring of magical power
rCorr   +            u - +5 ring of evasion
SInv    .            P - ring of protection from fire
Will    .....        Q - ring of resist corrosion
Stlth   ++++++       (no ring)
HPRegen 0.33/turn    (no ring)
MPRegen 0.19/turn    (no ring)
                     (no ring)

%: guardian spirit
@: gold aura, under a protective aura, studying Throwing
A: almost no armour, amphibious, 8 rings, camouflage 1, gelatinous body 1, hated
by all, (nimble swimmer 1), tentacles
a: Renounce Religion, Potion Petition, Call Merchant


You were on level 10 of the Dungeon.
You worshipped Gozag.
Gozag was aware of your devotion.
You visited 2 branches of the dungeon, and saw 11 of its levels.

You collected 935 gold pieces.
You spent 303 gold pieces at shops.
You paid 148 gold pieces to Gozag.

Inventory:

Hand Weapons
 h - a +2 dagger of electrocution
 v - a +2 rapier of protection (weapon)
 J - a +5 sling of flaming
Missiles
 d - a javelin
Armour
 b - a +0 hat (worn)
 y - a +0 buckler of fire resistance (worn)
Jewellery
 k - a ring of magical power (left tentacle)
 u - a +5 ring of evasion (right tentacle)
 N - an amulet of guardian spirit (around mantle)
 P - a ring of protection from fire (on tentacle)
 Q - a ring of resist corrosion (on tentacle)
Wands
 H - a wand of flame (10)
 I - a wand of paralysis (5)
 L - a wand of iceblast (14)
 O - a wand of mindburst (6)
Scrolls
 e - 11 scrolls of identify {unknown}
 i - 4 scrolls of enchant weapon {unknown}
 j - 3 scrolls of teleportation
 n - a scroll of torment {unknown}
 o - a scroll of butterflies {unknown}
 q - 3 scrolls of revelation {unknown}
 r - 2 scrolls of fog {unknown}
 s - a scroll of acquirement {unknown}
 t - 3 scrolls of vulnerability {unknown}
 w - a scroll of fear {unknown}
 B - 2 scrolls of amnesia {unknown}
 C - a scroll of silence {unknown}
 F - a scroll of blinking {unknown}
 K - 2 scrolls of poison {unknown}
 M - a scroll of immolation {unknown}
Potions
 f - 3 potions of attraction {unknown}
 g - a potion of berserk rage {unknown}
 l - 5 potions of resistance
 m - 3 potions of brilliance {unknown}
 p - a potion of ambrosia {unknown}
 x - a potion of enlightenment {unknown}
 z - 6 potions of curing
 A - 2 potions of lignification
 D - a potion of magic {unknown}
 E - a potion of mutation {unknown}
 G - a potion of heal wounds {unknown}


   Skills:
 + Level 9.7 Fighting
 - Level 4.0 Short Blades
 + Level 5.7 Ranged Weapons
 - Level 2.0 Throwing
 - Level 9.9 Dodging
 - Level 13.0 Stealth
 - Level 3.0 Shields
 + Level 2.7 Spellcasting
 * Level 2.3 Shapeshifting


You had 15 spell levels left.
You didn't know any spells.
Your spell library contained the following spells:

 Spells                   Type           Power      Damage    Failure   Level
 Magic Dart               Conj           4%         1d3       34%         1
 Mephitic Cloud           Conj/Pois/Air  1%         N/A       71%         3
 Portal Projectile        Hex/Tloc       2%         N/A       71%         3
 Iskenderun's Mystic Bla  Conj/Tloc      1%         2d3       98%         4
 Olgreb's Toxic Radiance  Pois           1%         N/A       98%         4
 Arcjolt                  Conj/Air       0%         1d10      100%        5
 Discord                  Hex            0%         N/A       100%        8
 Ignition                 Fire           0%         3d3       100%        8
 Call Imp                 Summ           Unusable   N/A       N/A         2
 Tukima's Dance           Hex            Unusable   N/A       N/A         3
 Animate Dead             Necr           Unusable   N/A       N/A         4

Dungeon Overview and Level Annotations

Branches:
Dungeon (10/15)            Temple (1/1) D:7            Lair (0/5) D:10
    Orc (0/2) D:10

Altars:
Ashenzari
Cheibriados
Dithmenos
Elyvilon
Gozag
Kikubaaqudgha
Makhleb
Nemelex Xobeh
Okawaru
Qazlal
Ru
Sif Muna
Trog
Uskayaw
Vehumet
Xom
Zin
The Shining One

Shops:
D:4 :   D:5 *::   D:6 *   D:9 *

Annotations:
D:3 Natasha


Innate Abilities, Weirdness & Mutations

You cannot wear most types of armour.
You are amphibious.
You can wear up to eight rings at the same time.
Your skin changes colour to match your surroundings (Stealth+).
Your rubbery body absorbs attacks. (AC +1, EV +1)
You are hated by all.
((You are camouflaged when in or above water. (Stealth+)))
You have tentacles for arms and can constrict up to eight enemies at once.


Message History

You hit the centaur warrior but do no damage.
Your weapon exudes an aura of protection.
You squeeze the centaur warrior, but do no damage.
The centaur warrior struggles against the net. x2
You strike the helpless centaur warrior from behind!
You impale the centaur warrior!! You squeeze the centaur warrior!
The centaur warrior is severely wounded.
The centaur warrior struggles against the net.
The net rips apart, and the centaur warrior comes free!
Throw: throwing net
Press: ? - help, Q - select action, (/) - cycle Shift-Dir - straight line, f/p - centaur warrior
Aim: a centaur warrior, wielding a +5 falchion of flaming (severely wounded, 70% to hit)
You throw a throwing net.
The throwing net barely misses the centaur warrior.
The centaur warrior closely misses you. The centaur warrior misses you.
The centaur warrior hits you with a +5 falchion of flaming!
* * * LOW HITPOINT WARNING * * *
The centaur warrior burns you.
* * * LOW HITPOINT WARNING * * *
You block the centaur warrior's attack.
Aiming: Paralyse
Press: ? - help, Shift-Dir - straight line, f/p - centaur warrior
Aim: a centaur warrior, wielding a +5 falchion of flaming (severely wounded, chance to affect: 31%)
Okay, then.
Aiming: Mindburst
Press: ? - help, Shift-Dir - straight line, f/p - centaur warrior
Aim: a centaur warrior, wielding a +5 falchion of flaming (severely wounded, chance to affect: 47%)
The centaur warrior's mind is blasted!!
The centaur warrior hits you with a +5 falchion of flaming!!
* * * LOW HITPOINT WARNING * * *
The centaur warrior burns you. You block the centaur warrior's attack.
Aiming: Mindburst
Press: ? - help, Shift-Dir - straight line, f/p - centaur warrior
Aim: a centaur warrior, wielding a +5 falchion of flaming (almost dead, chance to affect: 47%)
The centaur warrior resists with some effort.
The centaur warrior completely misses you.
The centaur warrior barely misses you.
The centaur warrior hits you with a +5 falchion of flaming!
You die...
Your body crumbles into a pile of gold.

#....'..........# #..
#....#..........# #..
#....#(.........# #.. .....
#..........# #.. .....
#..........### #####.. ....
#............. ....... ?...
#....[........ .......
###..)c#################
#...#@###)###...#)....
#...#...........##...#
#.o.#####.####.#.#...#
...........#.......#.#.##(##
...........####.####.##.#.#.
...c........#.....#)..#.#'#.
............###.###.#.##...#
#'##.........#...#..#.[#...#
. #.........##...[.......##


You could see a centaur warrior.

Vanquished Creatures
  Erolcha (D:9)
  A centaur warrior (D:10)
  Amaemon (D:9)
  2 ugly things (D:10)
  A manticore (D:10)
  A cyclops (D:10)
  Maurice (D:8)
  Joseph (D:7)
  An orange demon (D:9)
  Maggie (D:8)
  A slime creature (shapeshifter) (D:10)
  A vampire (D:9)
  A shadow (D:10)
  A wyvern (D:8)
  5 yaks (D:8)
  2 steam dragons
  A vampire mosquito (D:10)
  Edmund (D:6)
  2 acid dragons
  3 sky beasts
  3 black bears
  3 ice beasts
  A meliai simulacrum (D:10)
  3 orc warriors
  2 ogres (D:5)
  3 centaurs
  3 phantoms
  4 kobold brigands
  5 bullfrogs
  18 killer bees
  2 howler monkeys
  2 jellies (D:6)
  2 orc priests
  3 hounds
  2 sleepcaps
  Terence (D:2)
  Natasha (twice) (D:3)
  An iguana (D:5)
  11 orc wizards
  11 gnolls
  5 adders
  A shadow imp (D:6)
  2 ufetubi
  2 worms
  4 dart slugs
  29 orcs
  4 ball pythons
  5 endoplasms
  4 giant cockroaches
  4 goblins
  6 hobgoblins
  2 jackals (D:5)
  2 quokkas
  6 bats
  5 frilled lizards
  25 kobolds
  5 rats
222 creatures vanquished.

Vanquished Creatures (others)
  Erica (D:8)
  An orc (D:7)
2 creatures vanquished.

Grand Total: 224 creatures vanquished

Notes
Turn   | Place    | Note
-------+----------+-------------------------------------------
     0 | D:1      | Ethylacetat the Octopode Gladiator began the quest for the
                  | Orb.
     0 | D:1      | Reached XP level 1. HP: 14/14 MP: 1/1
   140 | D:1      | Found a faded altar of an unknown god.
   152 | D:1      | Prayed at the altar of an unknown god.
   152 | D:1      | Became a worshipper of Ru the Awakened
   160 | D:1      | Gained mutation: You are hated by all. [Ru sacrifice]
   160 | D:1      | Reached * piety under Ru
   181 | D:1      | Reached XP level 2. HP: 19/19 MP: 2/2
   182 | D:1      | Reached skill level 1 in Stealth
   485 | D:2      | Noticed Terence
   489 | D:2      | Reached XP level 3. HP: 24/25 MP: 3/3
   493 | D:2      | Killed Terence
   494 | D:2      | Reached skill level 2 in Stealth
   627 | D:2      | Reached XP level 4. HP: 30/30 MP: 4/4
   961 | D:2      | Found a shimmering altar of Xom.
  1147 | D:3      | Noticed Natasha
  1154 | D:3      | Killed Natasha
  1155 | D:3      | Reached skill level 3 in Stealth
  1155 | D:3      | Reached XP level 5. HP: 26/36 MP: 5/5
  1200 | D:3      | Found a burning altar of Makhleb.
  1329 | D:3      | Reached XP level 6. HP: 41/42 MP: 6/6
  1332 | D:3      | Noticed Natasha
  1346 | D:3      | Killed Natasha
  1347 | D:3      | Reached skill level 4 in Stealth
  1717 | D:3      | Noticed Natasha
  2110 | D:4      | Found Weinelopli's Book Emporium.
  2135 | D:4      | Reached skill level 5 in Stealth
  2145 | D:4      | Reached XP level 7. HP: 36/48 MP: 7/7
  2415 | D:4      | Reached skill level 5 in Dodging
  2500 | D:5      | Entered Level 5 of the Dungeon
  2501 | D:5      | Found Zisoteej's Assorted Antiques.
  2530 | D:5      | Bought a square steel amulet for 100 gold pieces
  2569 | D:5      | Reached skill level 6 in Stealth
  2576 | D:5      | Found a glowing silver altar of Zin.
  2637 | D:5      | Found a sparkling altar of Nemelex Xobeh.
  2670 | D:5      | Found Wuiz's Book Boutique.
  2708 | D:5      | Reached skill level 5 in Fighting
  2708 | D:5      | Reached XP level 8. HP: 55/55 MP: 8/8
  2898 | D:5      | Found a shadowy altar of Dithmenos.
  2951 | D:5      | Reached skill level 7 in Stealth
  3095 | D:5      | Bought a shiny buckler for 150 gold pieces
  3182 | D:5      | Found Cofyisy's Book Shoppe.
  3315 | D:6      | Noticed Edmund
  3331 | D:6      | Killed Edmund
  3335 | D:6      | Reached skill level 8 in Stealth
  3551 | D:6      | Reached XP level 9. HP: 46/63 MP: 9/9
  3611 | D:6      | Found a shimmering blue altar of Sif Muna.
  3617 | D:6      | Found a stormy altar of Qazlal.
  3647 | D:6      | Reached skill level 9 in Stealth
  3688 | D:6      | Found a shimmering altar of Xom.
  3862 | D:6      | Found Usmem's Assorted Antiques.
  3892 | D:6      | Bought an amethyst potion for 17 gold pieces
  3892 | D:6      | Bought a scroll labelled YTHYUM PIETULE for 19 gold pieces
  3892 | D:6      | Bought a purple potion for 17 gold pieces
  3965 | D:6      | Got the Handbook of Maleficent Ceremonies and Voltage
  4563 | D:7      | Found a staircase to the Ecumenical Temple.
  4573 | Temple   | Entered the Ecumenical Temple
  4851 | D:7      | Noticed Joseph
  4860 | D:7      | Killed Joseph
  4861 | D:7      | Reached skill level 10 in Stealth
  5304 | D:8      | Reached skill level 1 in Ranged Weapons
  5376 | D:8      | Reached XP level 10. HP: 51/72 MP: 10/10
  5543 | D:8      | Reached skill level 11 in Stealth
  5817 | D:8      | Noticed Maurice
  5821 | D:8      | Killed Maurice
  5960 | D:8      | Noticed Erica
  5970 | D:8      | Killed Erica
  6095 | D:8      | Noticed Maggie
  6104 | D:8      | Killed Maggie
  6270 | Temple   | Fell from the grace of Ru
  6270 | Temple   | Became a worshipper of Gozag Ym Sagoz the Greedy
  6327 | D:9      | Noticed Erolcha
  6338 | D:9      | Found a bloodstained altar of Trog.
  6383 | D:9      | Killed Erolcha
  6384 | D:9      | Reached skill level 12 in Stealth
  6589 | D:9      | Noticed an orange demon
  6593 | D:9      | Noticed Amaemon
  6595 | D:9      | Killed an orange demon
  6596 | D:9      | Reached skill level 1 in Shields
  6596 | D:9      | Reached XP level 11. HP: 80/80 MP: 12/12
  6613 | D:9      | Killed Amaemon
  6614 | D:9      | Reached skill level 5 in Ranged Weapons
  6614 | D:9      | Reached skill level 1 in Spellcasting
  6614 | D:9      | Reached skill level 1 in Shapeshifting
  6690 | D:9      | Found Plog's Mail-Order Catalogue.
  6951 | D:9      | Identified the +1 flail "Jasmovau" {drain, MP+9}
  7534 | D:9      | Found a snail-covered altar of Cheibriados.
  7900 | D:10     | Entered Level 10 of the Dungeon
  7915 | D:10     | Found a staircase to the Lair.
  8102 | D:10     | Noticed a centaur warrior
  8118 | D:10     | Killed a centaur warrior
  8422 | D:10     | Noticed a catoblepas
  8678 | D:10     | Found a runed translucent door.
  8678 | D:10     | Noticed a brown ugly thing
  8687 | D:10     | Identified the +3 chain mail of the Devil {rElec rN+}
  8689 | D:10     | Noticed a cyclops
  8723 | D:10     | Killed a brown ugly thing
  8731 | D:10     | Killed a cyclops
  8809 | D:10     | Found a staircase to the Orcish Mines.
  8820 | D:10     | Noticed a white ugly thing
  8843 | D:10     | Killed a white ugly thing
  9047 | D:10     | Noticed a manticore
  9065 | D:10     | Killed a manticore
  9066 | D:10     | Reached skill level 13 in Stealth
  9273 | D:10     | Noticed a centaur warrior
  9294 | D:10     | Slain by a centaur warrior

Illustrated notes

Levels and vault maps discovered:
D:1:      shiori_shiawase, layout_rooms, ebering_ecumenical_altar_webs
D:2:      layout_loops_ring, basic_altar, uniq_terence
D:3:      layout_rooms, mainiacjoe_overflow_tiny_flanked, kennysheep_donut,
          uniq_natasha
D:4:      layout_cave_pools, serial_shops, nicolae_shop_tiny_statue_garden,
          lexackson_kobold_supper
D:5:      layout_gridville, nemelex_xobeh_ov_fountains_minmay,
          grunt_dithmenos_smoke, kennysheep_little_box, serial_shops,
          nicolae_book_shop_shelving, shop, nicolae_shop_trees
D:6:      layout_basic, nicolae_qazlal_beasts_of_the_sky, kennysheep_mini_moat,
          nicolae_sif_muna_condensation, serial_shops,
          nicolae_shop_window_shopping, uniq_edmund
D:7:      layout_loops_cross, minmay_temple_entry_sparse_star, uniq_joseph
D:8:      layout_loops_cross, uniq_maurice, uniq_erica, uniq_maggie
D:9:      layout_gridville, lemuel_doored_altar, trog_ov_bears_minmay,
          monkooky_shop_mail_order, uniq_erolcha, uniq_amaemon
D:10:     minmay_the_grid_triangle_9x9_recursive_2_mashed
          [minmay_the_grid_triangle_9x9_prize_insulated,
          minmay_the_grid_triangle_9x9_subtriangle,
          minmay_the_grid_triangle_9x9_skeleton,
          minmay_the_grid_triangle_9x9_minimal], layout_irregular_city,
          marbit_many_paths, dpeg_oklobed_lair, david_orc_2, serial_shops, shop
Temple:   chequers_temple_sunken

Skill      XL: |  1  2  3  4  5  6  7  8  9 10 11 |
---------------+----------------------------------+-----
Stealth        | 1 2 3 5 6 8 10 12 13 | 13.0
Fighting       | 3 4 5 6 7 9 |  9.7
Short Blades   | 4 |  4.0
Dodging        | 4 5 6 8 9 |  9.9
Ranged Weapons | 2 4 5 |  5.7
Shields        | 1 3 |  3.0
Spellcasting   | 2 |  2.7
Shapeshifting  | 2 |  2.3
Throwing       | |  2.0

Action                     |  1- 3 |  4- 6 |  7- 9 | 10-12 || total
---------------------------+-------+-------+-------+-------++-------
  Melee: Rapier            |     8 |    17 |   246 |   277 ||   548
         Dagger            |    43 |    86 |       |       ||   129
         Constrict         |    11 |    30 |    34 |    29 ||   104
         Tentacles         |     8 |    25 |    62 |    76 ||   171
         Punch             |     1 |     3 |     2 |     5 ||    11
         Unarmed           |       |    13 |       |       ||    13
   Fire: Sling             |       |       |    15 |   108 ||   123
  Throw: Throwing net      |       |       |     1 |     5 ||     6
 Invoke: Sacrifice Love    |     1 |       |       |       ||     1
         Reject Sacrifices |       |     1 |       |       ||     1
  Evoke: Wand              |       |       |       |     3 ||     3
    Use: Potion            |       |       |     3 |     3 ||     6
         Scroll            |       |       |       |     2 ||     2
   Stab: Sleeping          |     5 |     5 |    16 |     6 ||    32
         Distracted        |     1 |       |     2 |     3 ||     6
         Held in net/web   |       |       |     1 |     2 ||     3
 Armour: Skin              |     7 |    18 |    44 |    52 ||   121
  Dodge: Dodged            |    33 |    94 |   214 |   383 ||   724
  Block: Buckler           |       |       |    29 |    71 ||   100

Table legend: (Time is in decaauts)
 A = Elapsed time spent in this place.
 B = Non-inter-level travel time spent in this place.
 C = Inter-level travel time spent in this place.
 D = Time resting spent in this place.
 E = Time spent auto-exploring this place.
 F = Levels seen in this place.
 G = Mean time per level.
                   A        B        C        D        E       F      G
               +--------+--------+--------+--------+--------+-----+--------+
         Total |   9313 |   8988 |    325 |    719 |   6388 |  11 |  846.6 |
       Dungeon |   9240 |   8984 |    256 |    719 |   6388 |  10 |  924.0 |
        Temple |     73 |      4 |     69 |      0 |      0 |   1 |   73.0 |
               +--------+--------+--------+--------+--------+-----+--------+

Top non-repeatable levels by time:
     D:9: 1591 daAuts
    D:10: 1405 daAuts
     D:6: 1031 daAuts
     D:8: 1002 daAuts
     D:7: 925 daAuts
     D:5: 804 daAuts
     D:2: 691 daAuts
     D:4: 685 daAuts
     D:3: 659 daAuts
     D:1: 442 daAuts
  Temple: 73 daAuts
